Map: Jagannatha LE

Players

ParagonPasT - Winner!

  • Race: Zerg Zerg
  • League: Master
  • Spawn Location: 7:00

A.I. 2 (Very Easy)

  • Race: Terran Terran
  • Spawn Location: 1:00

VOD

Have the link to the VOD?

Description

Time

  • Played on: Feb. 2, 2021, 9:21 p.m.
  • Length: 5:57
Show
View Real Time Build Order
Export as new Build Order

ParagonPasT Zerg - Winner!

Build Orders: Hatch First 

Get SALT Encoding   

  12  0:00  Drone  
  13  0:12  Overlord  
  13  0:17  Drone  
  14  0:30  Drone x2  
  16  0:48  Hatchery  
  15  0:52  Drone  
  16  0:57  Drone  
  16  0:59  Drone  
  18  1:12  Extractor  
  18  1:14  Spawning Pool  
  18  1:17  Drone  
  17  1:21  Drone  
  18  1:27  Drone  
  19  1:38  Overlord  
  19  1:49  Drone  
  20  2:00  Queen  
  22  2:01  Queen  
  22  2:02  Zergling x4  
  26  2:13  Metabolic Boost  
  26  2:14  Drone x2  
  28  2:21  Drone  
  28  2:22  Drone  
  30  2:36  Queen  
  30  2:37  Queen  
  32  2:41  Overlord  
  34  2:45  Overlord  
  34  3:00  Hatchery  
  34  3:02  Drone  
  34  3:04  Drone  
  35  3:07  Drone  
  35  3:09  Drone  
  35  3:12  Drone  
  38  3:13  Drone  
  38  3:16  Drone  
  38  3:18  Drone  
  41  3:21  Drone  
  41  3:24  Drone  
  41  3:25  Drone  
  44  3:31  Extractor  
  43  3:34  Roach Warren  
  43  3:38  Overlord  
  42  3:41  Overlord  
  42  3:45  Overlord  
  42  4:14  Roach x8  
  42  4:16  Roach  
  60  4:17  Roach x2  
  64  4:27  Roach x2  
  68  4:32  Zergling x2  
  68  4:33  Zergling x8  
  68  4:35  Zergling x2  
  68  4:38  Zergling x2  
  75  4:45  Spore Crawler  
  74  4:46  Spore Crawler  
  74  4:52  Lair  
  73  4:57  Overlord  
  73  4:58  Spore Crawler, Drone  
  73  5:03  Drone x2  
  76  5:07  Drone  
  76  5:08  Drone  
  76  5:12  Drone  
  76  5:13  Drone  
  79  5:18  Drone x2  
  79  5:20  Drone  
  82  5:21  Drone  
  82  5:25  Ravager x2  
  82  5:27  Ravager  
  85  5:32  Drone  
  85  5:33  Drone x2  
  85  5:35  Drone  
Show
View Real Time Build Order
Export as new Build Order

A.I. 2 (Very Easy) Terran 

Build Orders:  

Get SALT Encoding   

  12  0:00  SCV  
  13  0:13  SCV  
  14  0:18  Supply Depot  
  14  0:36  Refinery  
  14  0:41  Barracks  
  14  1:06  Supply Depot  
  14  1:12  Refinery  
  14  1:28  Orbital Command, Marine  
  15  1:54  SCV  
  16  2:04  Marine  
  16  2:06  SCV  
  18  2:18  SCV  
  19  2:30  SCV  
  20  2:40  Marine  
  20  2:42  SCV  
  22  2:54  SCV  
  22  5:07  SCV  
  23  5:21  Marine  
  24  5:24  Supply Depot  
  21  5:32  SCV  
Tags
 
League
Master
Matchup
TvZ
Spawn Locations
Cross Positions
Add a new tag
Caveats
  • Supply blocks, unpowered buildings, or Contaminate may cause inaccurate times.
  • Supply counts are checked every 10 seconds.